 Dungeon Crawl Stone Soup version 0.22-a0-580-gd5db89c09a (webtiles) character file.

96 Kholdaimon the Shooter (level 4, -4/37 HPs)
             Began as a Centaur Hunter on July 2, 2018.
             Killed by nerve-wracking pain
             ... invoked by Jessica
              (6 damage)
             ... on level 2 of the Dungeon.
             The game lasted 00:09:14 (1488 turns).

Kholdaimon the Shooter (Centaur Hunter)             Turns: 1488, Time: 00:09:15

Health: -4/37      AC:  4    Str: 15    XL:     4   Next: 41%
Magic:  4/4        EV:  9    Int: 10    God:
Gold:   86         SH:  0    Dex: 10    Spells: 3/3 levels left

rFire    . . .     SeeInvis .   a - +1 shortbow
rCold    . . .     Gourm    .   (shield currently unavailable)
rNeg     . . .     Faith    .   c - +0 leather armour
rPois    .         Spirit   .   (no helmet)
rElec    .         Reflect  .   (no cloak)
rCorr    .         Harm     .   (no gloves)
MR       .....                  (no barding)
Stlth    +.........             (no amulet)
HPRegen  0.12/turn              (no ring)
MPRegen  0.09/turn              (no ring)

@: very quick
A: large, hooves 3, deformed body, speed 2, tough skin 3
a: no special abilities


You were on level 2 of the Dungeon.
You were hungry.

You visited 1 branch of the dungeon, and saw 2 of its levels.

You collected 86 gold pieces.

Inventory:

Hand Weapons
 a - a +1 shortbow (weapon)
 b - a +0 short sword
Missiles
 d - 83 arrows (quivered)
 g - 105 stones
 i - 11 poisoned needles
Armour
 c - a +0 leather armour (worn)
 h - a cursed +0 ring mail
Jewellery
 r - an uncursed amulet of harm {unknown}
 u - an uncursed ring of see invisible {unknown}
Scrolls
 k - a scroll of identify {unknown}
 m - 2 scrolls of teleportation {unknown}
 p - 2 scrolls of remove curse {unknown}
 s - a scroll of immolation {unknown}
Potions
 e - 2 potions of lignification {unknown}
 j - 2 potions of degeneration {unknown}
 l - a potion of heal wounds {unknown}
 n - 2 potions of haste {unknown}
 o - a potion of mutation {unknown}
 t - a potion of invisibility {unknown}
Comestibles
 f - 6 rations
 q - 4 chunks of flesh


   Skills:
 + Level 2.9 Fighting
 + Level 1.6 Short Blades
 + Level 6.1 Bows
 - Level 2.0 Dodging
 - Level 0.4 Stealth


You had 3 spell levels left.
You didn't know any spells.
Your spell library was empty.

Dungeon Overview and Level Annotations

Branches:
Dungeon (2/15)

Altars:

Annotations:
D:2 Jessica


Innate Abilities, Weirdness & Mutations

You have hooves in place of feet.
Armour fits poorly on your strangely shaped body.
You cover ground very quickly.
You have extremely tough skin. (AC +3)


Message History

Press: ? - help, Shift-Dir - straight line, f/p - Jessica
Aim: Jessica, wielding a dagger and wearing an embroidered robe (lightly wounded, fast)
You shoot an arrow. The arrow barely misses Jessica.
Firing (i - inventory. (/) - cycle)
d - 85 arrows (quivered)
Press: ? - help, Shift-Dir - straight line, f/p - Jessica
Aim: Jessica, wielding a dagger and wearing an embroidered robe (lightly wounded, fast)
You shoot an arrow. The arrow hits Jessica.
Jessica is heavily wounded.
Firing (i - inventory. (/) - cycle)
d - 84 arrows (quivered)
Press: ? - help, Shift-Dir - straight line, f/p - Jessica
Aim: Jessica, wielding a dagger and wearing an embroidered robe (heavily wounded, fast)
You shoot an arrow. The arrow closely misses Jessica.
Jessica hits you but does no damage. Jessica barely misses you.
Jessica gestures at you while chanting. Pain shoots through your body!
* * * LOW HITPOINT WARNING * * *
Jessica gestures at you while chanting. Pain shoots through your body!
You die...

#..# ##.###.....# #.)# #<#
#.....# #((# ##.# ##..###
#.(######..####..#
#.......>......## ####
#...........#.#####
...###...........#.....##
##..##.#.##.#...#.......##
..#....#.##.#...@........#
#.###..#.##..............#
#.###....##..#....@......#
........##.....#.........#
##.#........#..#.........#
#......#.#.#............#
##..#...#.#.#...(........#
##..#...#................#
##..#.(.#................#


You could see Jessica.

Vanquished Creatures
  Terence (D:2)
  3 adders (D:2)
  4 leopard geckos
  A ball python (D:1)
  3 giant cockroaches
  A goblin (D:1)
  5 hobgoblins
  5 jackals
  4 bats
  3 frilled lizards
  5 kobolds (D:1)
  6 rats
41 creatures vanquished.

Notes
Turn   | Place    | Note
-------+----------+-------------------------------------------
     0 | D:1      | Kholdaimon the Centaur Hunter began the quest for the Orb.
     0 | D:1      | Reached XP level 1. HP: 17/17 MP: 1/1
   108 | D:1      | Reached XP level 2. HP: 20/24 MP: 2/2
   831 | D:2      | Reached skill level 1 in Short Blades
   863 | D:2      | Noticed Terence
   883 | D:2      | Killed Terence
   883 | D:2      | Reached XP level 3. HP: 30/30 MP: 3/3
  1098 | D:2      | Reached XP level 4. HP: 22/37 MP: 4/4
  1258 | D:2      | Reached skill level 6 in Bows
  1414 | D:2      | Noticed Jessica
  1488 | D:2      | Killed from afar by Jessica

Vault maps used:
D:1:      dpeg_arrival_solitude
D:2:      first_ration, uniq_jessica, uniq_terence

Skill      XL: |  1  2  3  4 |
---------------+-------------+-----
Short Blades   | 1 |  1.6
Dodging        | 2 |  2.0
Bows           | 6 |  6.1
Fighting       | |  2.9
Stealth        | |  0.4

Action                   |  1- 3 |  4- 6 || total
-------------------------+-------+-------++-------
Melee: Short sword       |    19 |       ||    19
       Kick              |     2 |       ||     2
 Fire: Shortbow          |    79 |    40 ||   119
Armor: Leather armour    |    16 |    18 ||    34
Dodge: Dodged            |    17 |    19 ||    36

Table legend:
 A = Spawn XP
 B = Non-spawn XP
 C = Spawn XP percentage of total XP
 D = Spawn monster count
 E = Non-spawn monster count
 F = Spawn count percentage of total count
 G = Total turns spent on level
                    A         B        C        D         E        F      G
               +---------+---------+-------+---------+---------+-------+---------
         Total |       0 |     138 |   0.0 |       0 |      41 |   0.0 |  1488
               +---------+---------+-------+---------+---------+-------+---------
           D:1 |       0 |      35 |   0.0 |       0 |      21 |   0.0 |   812
           D:2 |       0 |     103 |   0.0 |       0 |      20 |   0.0 |   676
               +---------+---------+-------+---------+---------+-------+---------
